 Dungeon Crawl Stone Soup version 0.30-a0-1053-gbd8d5ba0ad (webtiles) character file.

Game seed: 2123548322535708427

3170 GigaChad the Trooper (level 10, -8/76 (79) HPs)
             Began as a Formicid Fighter on Apr 12, 2023.
             Was an Initiate of Gozag.
             Mangled by a wight
             ... wielding a +4 halberd of freezing
              (10 damage)
             ... on level 9 of the Dungeon.
             The game lasted 00:13:20 (7794 turns).

GigaChad the Trooper (Formicid Fighter)             Turns: 7794, Time: 00:13:21

HP:   -8/76 (79)    AC: 13    Str: 26    XL:     10   Next: 16%
MP:   10/10         EV:  8    Int: 10    God:    Gozag
Gold: 399           SH:  6    Dex: 13    Spells: 9/9 levels left

rFire   . . .      SeeInvis +    x - +6 hammer of Vanity {heavy, *Noise Will+ Int+3 SInv Stlth+}
rCold   . . .      Faith    .    c - +1 buckler
rNeg    + . .      Spirit   .    h - +1 plate armour {rN+}
rPois   .          Reflect  .    (helmet unavailable)
rElec   .          Rampage  .    (no cloak)
rCorr   .                        (no gloves)
Will    ++...                    (no boots) Stlth
                                 (no amulet)
HPRegen 0.32/turn                (no ring)
MPRegen 0.12/turn                (no ring)

@: gold aura, lightly drained
A: permanent stasis, dig shafts and tunnels, antennae 3, four strong arms
a: Dig, Shaft Self, Renounce Religion, Potion Petition, Call Merchant, Bribe
Branch


You were on level 9 of the Dungeon.
You worshipped Gozag.
Gozag was aware of your devotion.
You visited 2 branches of the dungeon, and saw 10 of its levels.

You collected 542 gold pieces.
You paid 143 gold pieces to Gozag.

Inventory:

Hand Weapons
 a - a +0 war axe of freezing
 p - a +2 vampiric whip
 x - the +6 hammer of Vanity (weapon) {heavy, *Noise Will+ Int+3 SInv Stlth+}
   (You found it on level 4 of the Dungeon)

   Int:       It affects your intelligence (+3).
   SInv:      It lets you see invisible.
   *Noise:    It may make noises in combat.
   Will:      It increases your willpower.
   Stlth:     It makes you more stealthy.
 y - a +4 quarterstaff of chaos
Armour
 b - a +0 scale mail
 c - a +1 buckler (worn)
 h - a +1 plate armour of positive energy (worn)
 z - a +0 cloak
Jewellery
 k - an amulet of faith
 t - the ring "Utuigeup" {Fly rF++ Dex-2 Stlth+}
   (You found it on level 7 of the Dungeon)

   [ring of flight]

   Dex:       It affects your dexterity (-2).
   rF:        It greatly protects you from fire.
   Fly:       It grants you flight.
   Stlth:     It makes you more stealthy.
 u - an amulet of magic regeneration
Wands
 q - a wand of flame (12)
Scrolls
 g - 2 scrolls of identify
 j - 3 scrolls of amnesia
 n - a scroll of teleportation
 A - a scroll of enchant weapon {unknown}
Potions
 d - 2 potions of might
 e - 3 potions of flight {unknown}
 f - 4 potions of curing
 i - 2 potions of haste {unknown}
 l - 2 potions of degeneration {unknown}
 m - 2 potions of mutation {unknown}
 o - 2 potions of berserk rage {unknown}
 r - 4 potions of heal wounds {unknown}
 s - a potion of lignification {unknown}
 v - a potion of magic {unknown}
 w - a potion of ambrosia {unknown}


   Skills:
 * Level 7.5 Fighting
 - Level 6.3(7.6) Axes
 * Level 6.4(7.6) Maces & Flails
 * Level 5.9 Armour
 - Level 3.8 Dodging
 - Level 0.3 Stealth
 * Level 5.3 Shields
 - Level 4.1 Unarmed Combat


You had 9 spell levels left.
You didn't know any spells.
Your spell library contained the following spells:

 Spells                   Type           Power      Damage    Failure   Level
 Cigotuvi's Dreadful Rot  Necr/Pois/Air  0%         N/A       100%        2
 Gell's Gravitas          Tloc           0%         N/A       100%        3
 Ignite Poison            Fire/Tmut/Pois 0%         N/A       100%        3
 Portal Projectile        Hex/Tloc       0%         N/A       100%        3
 Stone Arrow              Conj/Erth      0%         3d7       100%        3
 Teleport Other           Tloc           0%         N/A       100%        3
 Tukima's Dance           Hex            0%         N/A       100%        3
 Animate Armour           Summ/Erth      0%         N/A       100%        4
 Blade Hands              Tmut           0%         N/A       100%        5
 Freezing Cloud           Conj/Ice/Air   0%         6-21      100%        5
 Dispersal                Tloc           0%         N/A       100%        6
 Lehudib's Crystal Spear  Conj/Erth      0%         10d2      100%        8


Dungeon Overview and Level Annotations

Branches:
Dungeon (10/15)            Temple (1/1) D:5
   Lair: D:8-11         Orc: D:9-12

Altars:
Ashenzari
Cheibriados
Dithmenos
Elyvilon
Gozag
Hepliaklqana
Kikubaaqudgha
Nemelex Xobeh
Okawaru
Qazlal
Ru
Trog
Uskayaw
Vehumet
Wu Jian
Yredelemnul
Zin
The Shining One
Ignis

Portals:
Abyss: D:3

Annotations:
D:3 2 transporters, mandoloar's ghost, amateur OpTm


Innate Abilities, Weirdness & Mutations

You cannot be hasted, slowed, berserked, paralysed or teleported.
You can dig through walls and to a lower floor.
You have a pair of large antennae on your head. (SInv)
Your four strong arms can wield two-handed weapons with a shield.


Message History

The wight closely misses you. The yak gores you but does no damage.
The yak barely misses you. The wight barely misses you.
You block the yak's attack.
A wight comes into view. It is wielding a +0 morningstar.
The wight closely misses you.
You completely miss the yak.
The yak is severely wounded.
The yak gores you. You block the yak's attack. The wight completely misses you.
The wight hits you from afar with a +4 halberd of freezing.
You partially resist.
You feel drained. The wight freezes you.
The yak gores you but does no damage. x3; The yak gores you!
The wight hits you from afar with a +4 halberd of freezing.
The wight freezes you.
The wight hits you from afar with a +0 spear.
You partially resist.
You feel drained.
You bludgeon the yak!!
You kill the yak!
The yak gores you but does no damage. x2
The wight hits you from afar with a +0 spear.
The wight closely misses you. The yak gores you. You block the yak's attack.
The wight is distracted by your dazzling golden aura.
The wight hits you from afar with a +0 spear.
* * * LOW HITPOINT WARNING * * *
You partially resist.
You feel drained.
The wight hits you from afar with a +4 halberd of freezing!
* * * LOW HITPOINT WARNING * * *
The wight freezes you.
* * * LOW HITPOINT WARNING * * *
There is a stone staircase leading up, spattered with blood here.
You see here 15 gold pieces.
You can't go down here!
Unknown command.
You can't go down here!
The yak gores you.
* * * LOW HITPOINT WARNING * * *
The wight hits you but does no damage. You block the yak's attack.
The wight hits you from afar with a +4 halberd of freezing!
You die...
Your body crumbles into a pile of gold.

... .. ..
..####^###
{
..........
.........##
....<.....
........z#
......zY@#
.$....zY.#
........##
.#......#
..#####.# #
#.# #.##
#..# ##.#


You could see 2 yaks and 3 wights.

Vanquished Creatures
  A komodo dragon (D:10)
  Grinder (D:5)
  Sigmund (D:4)
  Eustachio (D:5)
  A yak (D:9)
  A steam dragon (D:7)
  A water moccasin (D:6)
  Duvessa (D:4)
  An orc warrior (D:7)
  2 ogres
  2 centaurs (D:6)
  A kobold brigand (D:7)
  3 bullfrogs
  2 scorpions
  7 wights
  Dowan (D:4)
  2 howler monkeys (D:7)
  5 hounds
  Crazy Yiuf (D:4)
  2 orc priests (D:5)
  Jessica (D:2)
  4 iguanas
  A sleepcap (D:4)
  2 orc wizards (D:6)
  6 adders
  5 gnolls
  2 shadow imps
  A white imp (D:6)
  An ufetubus (D:7)
  4 worms
  4 dart slugs (D:1)
  13 orcs
  5 endoplasms
  6 giant cockroaches
  10 goblins
  7 hobgoblins
  4 jackals (D:1)
  2 quokkas
  8 ball pythons
  6 bats
  4 frilled lizards
  9 kobolds
  5 rats
147 creatures vanquished.

Vanquished Creatures (others)
  4 fungi
  A plant (D:1)
5 creatures vanquished.

Grand Total: 152 creatures vanquished

Notes
Turn   | Place    | Note
-------+----------+-------------------------------------------
     0 | D:1      | GigaChad the Formicid Fighter began the quest for the Orb.
     0 | D:1      | Reached XP level 1. HP: 18/18 MP: 1/1
    63 | D:1      | Reached XP level 2. HP: 23/24 MP: 2/2
   145 | D:1      | Found a faded altar of an unknown god.
   189 | D:1      | Reached XP level 3. HP: 29/29 MP: 3/3
   388 | D:1      | Reached XP level 4. HP: 36/36 MP: 4/4
   809 | D:2      | Noticed Jessica
   813 | D:2      | Killed Jessica
   942 | D:2      | Reached XP level 5. HP: 40/42 MP: 5/5
   948 | D:2      | HP: 1/42 [gnoll/+0 halberd (4)]
  1628 | D:3      | Found a transporter.
  1676 | D:3      | Found a one-way gate to the infinite horrors of the Abyss.
  1676 | D:3      | Noticed mandoloar's ghost (amateur OpTm)
  1698 | D:3      | Noticed a small abomination
  1887 | D:3      | Found a transporter.
  2231 | D:3      | Found a bloodstained altar of Trog.
  2465 | D:3      | Reached XP level 6. HP: 45/48 MP: 6/6
  2620 | D:4      | Found an ornate altar of the Wu Jian Council.
  2650 | D:4      | Reached skill level 4 in Fighting
  2803 | D:4      | Noticed Duvessa
  2804 | D:4      | Noticed Dowan
  2814 | D:4      | Killed Duvessa
  2815 | D:4      | Reached skill level 5 in Axes
  2815 | D:4      | Reached skill level 5 in Armour
  2815 | D:4      | Reached XP level 7. HP: 49/54 MP: 7/7
  2868 | D:4      | Killed Dowan
  3488 | D:4      | Noticed Sigmund
  3513 | D:4      | Killed Sigmund
  3514 | D:4      | Reached skill level 5 in Shields
  3514 | D:4      | Reached XP level 8. HP: 47/61 MP: 8/8
  3772 | D:4      | Found a runed translucent door.
  3773 | D:4      | Noticed Crazy Yiuf
  3784 | D:4      | Killed Crazy Yiuf
  3787 | D:4      | Identified the +6 hammer of Vanity {heavy, *Noise Will+
                  | Int+3 SInv Stlth+}
  4133 | D:5      | Entered Level 5 of the Dungeon
  4133 | D:5      | Noticed Grinder
  4133 | D:5      | Noticed Eustachio
  4182 | D:5      | You fall into a shaft and drop 1 floor!
  4182 | D:6      | Found an ancient bone altar of Kikubaaqudgha.
  4635 | D:6      | Reached skill level 1 in Dodging
  4731 | D:6      | Reached skill level 5 in Fighting
  4731 | D:6      | Reached skill level 1 in Maces & Flails
  4731 | D:6      | Reached skill level 1 in Unarmed Combat
  4965 | D:6      | Found a stormy altar of Qazlal.
  5052 | D:6      | Reached XP level 9. HP: 47/69 MP: 9/9
  5061 | D:6      | Reached skill level 6 in Fighting
  5790 | D:5      | Killed Grinder
  6025 | D:5      | Killed Eustachio
  6062 | D:5      | Found a staircase to the Ecumenical Temple.
  6068 | Temple   | Entered the Ecumenical Temple
  6106 | Temple   | Became a worshipper of Gozag Ym Sagoz the Greedy
  6347 | D:5      | Reached skill level 5 in Maces & Flails
  6780 | D:7      | Reached skill level 7 in Fighting
  6840 | D:7      | Found a sparkling altar of Nemelex Xobeh.
  6855 | D:7      | Identified the ring "Utuigeup" {Fly rF++ Dex-2 Stlth+}
  7104 | D:7      | Reached XP level 10. HP: 46/79 MP: 10/10
  7109 | D:7      | You fall into a shaft and drop 3 floors!
  7109 | D:10     | Entered Level 10 of the Dungeon
  7683 | D:10     | Noticed a komodo dragon
  7687 | D:10     | Killed a komodo dragon
  7771 | D:9      | Found a snail-covered altar of Cheibriados.
  7794 | D:9      | HP: 2/76 [yak (5)]
  7794 | D:9      | Mangled by a wight

Illustrated notes

Levels and vault maps discovered:
D:1:      heliophobic_arrival_glass_houses, layout_loops_ring,
          shapermc_ecumenical_altar_mp_urbaneastern
D:2:      layout_basic, minmay_misc_feat_iff, kennysheep_generic_room_5,
          uniq_jessica
D:3:      layout_loops_corners, mainiacjoe_overflow_small_starburst,
          gammafunk_ghost_abyssal_escape
D:4:      layout_loops_ring, mainiacjoe_overflow_chevrons, minmay_starry_boxes,
          uniq_sigmund, uniq_crazy_yiuf_cottage, uniq_duvessa
D:5:      layout_gridville, minmay_temple_entry_steel_oval, uniq_grinder,
          uniq_eustachio
D:6:      layout_rooms, mainiacjoe_overflow_paths, kiku_gazebo_pond_becter
D:7:      layout_rooms, mainiacjoe_overflow_tiny_flanked, nrook_campfire,
          amcnicky_mini_rare_corridor_liquid, minmay_misc_feat_plants,
          chequers_serial_rivers_micro_b
D:9:      layout_rooms, mainiacjoe_overflow_boulevard, lemuel_tele_altar,
          lemuel_coloured_pillars_altar, gammafunk_ghost_wrathful_warriors
D:10:     layout_stronghold, nicolae_sif_muna_condensation,
          fedhas_ov_isle_minmay, nzn_ghost_randoct,
          nicolae_trove_entry_free_sample, uniq_lodul, uniq_harold
Temple:   ebering_untended_altars

Skill      XL: |  1  2  3  4  5  6  7  8  9 10 |
---------------+-------------------------------+-----
Axes           | 3 4 5 6 |  6.3
Armour         | 4 5 |  5.9
Fighting       | 4 5 7 |  7.5
Shields        | 5 |  5.3
Dodging        | 2 3 |  3.8
Maces & Flails | 2 5 6 |  6.4
Unarmed Combat | 2 4 |  4.1
Stealth        | |  0.3

Action                     |  1- 3 |  4- 6 |  7- 9 | 10-12 || total
---------------------------+-------+-------+-------+-------++-------
  Melee: War axe           |    69 |   149 |    92 |       ||   310
         Mace              |       |       |   143 |    12 ||   155
Ability: Shaft Self        |       |       |     1 |     1 ||     2
    Use: Scroll            |       |     6 |     6 |       ||    12
 Armour: Scale mail        |    38 |    53 |       |       ||    91
         Plate armour      |       |    27 |   175 |    21 ||   223
  Dodge: Dodged            |    31 |    73 |   129 |    16 ||   249
  Block: Buckler           |    15 |    46 |   114 |    12 ||   187

Table legend: (Time is in decaauts)
 A = Elapsed time spent in this place.
 B = Non-inter-level travel time spent in this place.
 C = Inter-level travel time spent in this place.
 D = Time resting spent in this place.
 E = Time spent auto-exploring this place.
 F = Levels seen in this place.
 G = Mean time per level.
                   A        B        C        D        E       F      G
               +--------+--------+--------+--------+--------+-----+--------+
         Total |   8007 |   7827 |    180 |   1998 |   4011 |  10 |  800.7 |
       Dungeon |   7954 |   7774 |    180 |   1998 |   3991 |   9 |  883.8 |
        Temple |     52 |     52 |      0 |      0 |     20 |   1 |   52.0 |
               +--------+--------+--------+--------+--------+-----+--------+

Top non-repeatable levels by time:
     D:4: 1571 daAuts
     D:6: 1564 daAuts
     D:5: 1049 daAuts
     D:3: 1044 daAuts
     D:2: 841 daAuts
     D:1: 798 daAuts
    D:10: 622 daAuts
     D:7: 394 daAuts
     D:9: 67 daAuts
  Temple: 52 daAuts
